 Dungeon Crawl Stone Soup version 0.20.1-1-g8b1a95d (webtiles) character file.

434 letownia2 the Grave Robber (level 6, 0/49 HPs)
             Began as a Deep Dwarf Necromancer on Nov 2, 2017.
             Slain by an ogre
             ... wielding a +0 giant club
              (19 damage)
             ... on level 4 of the Dungeon.
             The game lasted 00:06:46 (2305 turns).

letownia2 the Grave Robber (Deep Dwarf Necromancer) Turns: 2305, Time: 00:06:46

Health: 0/49       AC:  2    Str: 12    XL:     6   Next: 67%
Magic:  2/11       EV: 11    Int: 17    God:
Gold:   76         SH:  0    Dex: 13    Spells: 7/11 levels left

rFire    . . .     SeeInvis .   f - +0 dagger
rCold    . . .     Gourm    .   (no shield)
rNeg     . . .     Faith    .   u - +0 ring mail
rPois    .         Spirit   .   (no helmet)
rElec    .         Reflect  .   (no cloak)
rCorr    +         Harm     .   (no gloves)
MR       .....                  (no boots)
Stlth    +.........             k - amulet of rage
Regen    0.0/turn               e - ring of resist corrosion
MPRegen  0.2/turn               r - -3 ring of protection (curse)

@: non-regenerating
A: damage resistance, heal wounds, sense surroundings 1, no regeneration
a: Heal Wounds, Evoke Berserk Rage


You were on level 4 of the Dungeon.
You were hungry.

You visited 1 branch of the dungeon, and saw 4 of its levels.

You collected 76 gold pieces.

Inventory:

Hand Weapons
 f - a +0 dagger (weapon)
 o - a +0 flail of protection
 p - a +0 hand axe
 s - a +0 shortbow
Missiles
 t - 14 arrows
Armour
 u - a +0 ring mail (worn)
Jewellery
 e - a ring of resist corrosion (left hand)
 k - an amulet of rage (around neck)
 r - a cursed -3 ring of protection (right hand)
Wands
 l - a wand of enslavement (13/24)
Scrolls
 d - a scroll of amnesia {unknown}
 i - 4 scrolls of identify {unknown}
 j - 2 scrolls of remove curse {unknown}
 q - a scroll of teleportation {unknown}
Potions
 a - a potion of lignification {unknown}
 g - 2 potions of haste {unknown}
 n - a potion of flight {unknown}
Books
 b - a book of Necromancy

   Spells                             Type                      Level
   a - Pain                           Necromancy                   1
   b - Animate Skeleton               Necromancy                   1
   c - Vampiric Draining              Necromancy                   3
   d - Regeneration                   Charms/Necromancy            3
   e - Animate Dead                   Necromancy                   4
   f - Control Undead                 Necromancy                   4
Comestibles
 c - 2 bread rations
 h - 2 royal jellies


   Skills:
 + Level 0.0 Armour
 - Level 2.1 Dodging
 - Level 2.4 Stealth
 - Level 3.4 Spellcasting
 + Level 7.9 Necromancy


You had 7 spell levels left.
You knew the following spells:

 Your Spells              Type           Power        Failure   Level  Hunger
a - Pain                  Necr           ####         1%          1    None
v - Vampiric Draining     Necr           ####......   4%          3    ###....


Dungeon Overview and Level Annotations

Branches:
Dungeon (4/15)
 Temple: D:4-7

Altars:

Annotations:
D:4 Robin


Innate Abilities, Weirdness & Mutations

You are resistant to damage.
You can heal yourself by infusing magical energy.
You passively map a small area around you.
You do not regenerate.


Message History

Press: ? - help, Shift-Dir - straight line, f/p - ogre
Aim: an ogre, wielding a giant club (lightly wounded, chance to defeat MR: 84%)
The ogre writhes in agony!
Casting: Pain
Confirm with . or Enter, or press ? or * to list all spells.
Aiming: Vampiric Draining
Press: ? - help, Shift-Dir - straight line, f/p - ogre
Aim: an ogre, wielding a giant club (moderately wounded)
The ogre is severely wounded.
You feel life coursing into your body.
You are feeling hungry.
The ogre hits you with a giant club!
Casting: Vampiric Draining
Confirm with . or Enter, or press ? or * to list all spells.
Aiming: Vampiric Draining
Press: ? - help, Shift-Dir - straight line, f/p - ogre
Aim: an ogre, wielding a giant club (severely wounded)
The ogre is almost dead.
You feel life coursing into your body. The ogre hits you with a giant club!!
You die...

# ,* * * , # , ## # .. *
*.# * ###,#.##. * *.. ,
##....... ##.,*
##.......*** *##..
##.##.#.# * ..# *
##.##.#.# *#O# * *
#.##.#.# #@# ##.##.#.###
##'## #.........#
##...## #.......#.#
##.....##
#.###..##.###.......# *
* #.###...#.##.........#
...........'.........'.
#.###.....##.........###
, #.........###.......##


You could see an ogre.

Vanquished Creatures
  An ogre (D:4)
  A centaur (D:4)
  Blork the orc (D:4)
  A scorpion (D:4)
  A hound (D:4)
  An orc wizard (D:4)
  An orc priest (D:4)
  A hound skeleton (D:4)
  2 oozes
  A dart slug (D:1)
  7 orcs
  A ball python (D:3)
  2 bats (D:2)
  2 giant cockroaches
  3 goblins
  A hobgoblin (D:2)
  4 jackals (D:4)
  A quokka (D:4)
  A frilled lizard (D:2)
  2 kobolds (D:2)
  A rat (D:1)
36 creatures vanquished.

Notes
Turn   | Place    | Note
-------+----------+-------------------------------------------
     0 | D:1      | letownia2 the Deep Dwarf Necromancer began the quest for the Orb.
     0 | D:1      | Reached XP level 1. HP: 15/15 MP: 3/3
   144 | D:1      | Reached XP level 2. HP: 16/22 MP: 1/5
   551 | D:2      | Reached skill level 5 in Necromancy
   752 | D:4      | Reached XP level 3. HP: 20/28 MP: 6/6
   757 | D:4      | Learned a level 3 spell: Vampiric Draining
   813 | D:4      | Noticed Blork the orc
   821 | D:4      | Noticed a centaur
   857 | D:4      | Noticed an ogre
   866 | D:4      | Reached XP level 4. HP: 8/36 MP: 0/7
   971 | D:4      | Killed an ogre
   971 | D:4      | Reached skill level 6 in Necromancy
   971 | D:4      | Reached XP level 5. HP: 12/42 MP: 0/8
  1054 | D:4      | Reached skill level 7 in Necromancy
  1262 | D:4      | Reached XP level 6. HP: 35/49 MP: 0/10
  1953 | D:4      | Killed Blork the orc
  2159 | D:4      | Noticed Robin
  2305 | D:4      | Slain by an ogre

Skill      XL: |  1  2  3  4  5  6 |
---------------+-------------------+-----
Spellcasting   | 2 3 |  3.4
Necromancy     | 5 6 7 |  7.9
Dodging        | |  2.1
Stealth        | |  2.4

Action                   |  1- 3 |  4- 6 || total
-------------------------+-------+-------++-------
Melee: Dagger            |    12 |    24 ||    36
 Cast: Pain              |    28 |    15 ||    43
       Vampiric Draining |     1 |    26 ||    27
 Stab: Sleeping          |     1 |       ||     1
  Eat: Chunk             |       |     7 ||     7
Armor: Robe              |     2 |       ||     2
       Leather armour    |     3 |     1 ||     4
       Ring mail         |       |     1 ||     1
Dodge: Dodged            |    10 |    27 ||    37
